PCL
SAN JOSE MISSIONS @ LAS VEGAS STARS
07/10/2029
 
TOP OF THE 1ST
San Jose Missions batting - Pitching for Las Vegas Stars : LHP Carlos Castillo
Pitching: LHP Carlos Castillo
Batting: LHB Pedro Ramos 0-0: Ball
1-0: Swinging Strike
1-1: Foul Ball, location: 2F
1-2: Foul Ball, location: 2F
1-2: Ball
2-2: Strikes out swinging
Batting: RHB Lorenzo Mota 0-0: Foul Ball, location: 2F
0-1: Called Strike
0-2: Foul Ball, location: 2F
0-2: Ball
1-2: Ball
2-2: DOUBLE (Flyball, 89D)
Batting: RHB Peter Bishop 0-0: Ground out 5-3 (Groundball, 56)
Batting: RHB Dale Taylor 0-0: Ball
1-0: Foul Ball, location: 2F
1-1: 2-RUN HOME RUN (Flyball, 7LD), Distance : 388 ft
Batting: SHB Ángel González 0-0: Foul Ball, location: 2F
0-1: Fly out, F9 (Flyball, 9S)
Top of the 1st over - 2 runs, 2 hits, 0 errors, 0 left on base; San Jose 2 - Las Vegas 0
BOTTOM OF THE 1ST
Las Vegas Stars batting - Pitching for San Jose Missions : RHP Ralph Williams
Pitching: RHP Ralph Williams
Batting: LHB Chris Bates 0-0: Called Strike
0-1: Ball
1-1: Ball
2-1: Foul Ball, location: 2F
2-2: Ball
3-2: Base on Balls
Batting: RHB Francisco Rincón 0-0: Called Strike
0-1: SINGLE (Groundball, 4MD)
Chris Bates to second
Batting: RHB José García 0-0: Ball
1-0: Ball
2-0: Ball
3-0: Base on Balls
Chris Bates to third
Francisco Rincón to second
Batting: LHB Eduardo Gómez 0-0: Reaches on Catchers interference
Chris Bates scores
Francisco Rincón to third
José García to second
Batting: RHB Juan Valverde 0-0: Ball
1-0: Called Strike
1-1: Ball
2-1: Ball
3-1: Called Strike
3-2: Base on Balls
Francisco Rincón scores
José García to third
Eduardo Gómez to second
Batting: RHB Alonso Holguín 0-0: Foul Ball, location: 2F
0-1: SINGLE (Line Drive, 6)
José García scores
Eduardo Gómez to third
Juan Valverde to second
Batting: RHB Barney Lawson 0-0: Ball
1-0: SINGLE (Groundball, 6MD)
Eduardo Gómez scores
Juan Valverde to third
Alonso Holguín to second
Batting: RHB Guo-xiu Choi 0-0: Ball
1-0: Grounds into double play, 4-6-3 (Groundball, 4)
Juan Valverde scores
Alonso Holguín to third
Batting: RHB Fernando Bórquez 0-0: Swinging Strike
0-1: Ball
1-1: Foul Ball, location: 2F
1-2: Foul Ball, location: 2F
1-2: Foul Ball, location: 2F
1-2: Foul Ball, location: 2F
1-2: Strikes out swinging
Bottom of the 1st over - 5 runs, 3 hits, 1 error, 1 left on base; San Jose 2 - Las Vegas 5
TOP OF THE 2ND
San Jose Missions batting - Pitching for Las Vegas Stars : LHP Carlos Castillo
Batting: RHB Jorge Díaz 0-0: Called Strike
0-1: SINGLE (Groundball, 56D)
Batting: RHB Dave Wookey 0-0: Called Strike
0-1: Fielders Choice at 2nd, 6-4 (Groundball, 6D)
Batting: LHB Alberto Gómez 0-0: Called Strike
0-1: Foul Ball, location: 2F
0-2: Ball
1-2: Foul Ball, location: 2F
1-2: Foul Ball, location: 2F
1-2: Ball
2-2: Ball
3-2: Strikes out swinging
Batting: RHB José Ramos 0-0: Swinging Strike
0-1: Ball
1-1: Ball
2-1: Ball
3-1: Called Strike
3-2: Foul Ball, location: 2F
3-2: Strikes out swinging
Top of the 2nd over - 0 runs, 1 hit, 0 errors, 1 left on base; San Jose 2 - Las Vegas 5
BOTTOM OF THE 2ND
Las Vegas Stars batting - Pitching for San Jose Missions : RHP Ralph Williams
Batting: LHB Chris Bates 0-0: SOLO HOME RUN (Flyball, 9LD), Distance : 380 ft
Batting: RHB Francisco Rincón 0-0: Called Strike
0-1: Ball
1-1: Ball
2-1: Foul Ball, location: 2F
2-2: Foul Ball, location: 2F
2-2: Foul Ball, location: 2F
2-2: Strikes out swinging
Batting: RHB José García 0-0: Called Strike
0-1: Ball
1-1: Fly out, F4 (Line Drive, 4)
Batting: LHB Eduardo Gómez 0-0: Called Strike
0-1: Ball
1-1: Ball
2-1: Foul Ball, location: 2F
2-2: Ball
3-2: Fly out, F3 (Line Drive, 3L)
Bottom of the 2nd over - 1 run, 1 hit, 0 errors, 0 left on base; San Jose 2 - Las Vegas 6
TOP OF THE 3RD
San Jose Missions batting - Pitching for Las Vegas Stars : LHP Carlos Castillo
Batting: LHB Pedro Ramos 0-0: DOUBLE (Line Drive, 7LS)
Batting: RHB Lorenzo Mota 0-0: Ground out U3 (Groundball, 3)
Pedro Ramos to third
Batting: RHB Peter Bishop 0-0: Ball
1-0: Ball
2-0: Ball
3-0: Called Strike
3-1: Foul Ball, location: 2F
3-2: Base on Balls
Batting: RHB Dale Taylor 0-0: Swinging Strike
0-1: Ball
1-1: Foul Ball, location: 2F
1-2: Fly out, F9 (Flyball, 9D)
Runner from 3rd tags up, SCORES, no throw
Batting: SHB Ángel González 0-0: Ball
1-0: Fly out, F3 (Popup, 23F)
Top of the 3rd over - 1 run, 1 hit, 0 errors, 1 left on base; San Jose 3 - Las Vegas 6
BOTTOM OF THE 3RD
Las Vegas Stars batting - Pitching for San Jose Missions : RHP Ralph Williams
Batting: RHB Juan Valverde 0-0: Ball
1-0: Called Strike
1-1: Ball
2-1: Ball
3-1: Base on Balls
Batting: RHB Alonso Holguín 0-0: Foul Ball, location: 2F
0-1: Ball
1-1: Foul Ball, location: 2F
1-2: Ball
2-2: Fielders Choice at 2nd, 6-4 (Groundball, 6)
Batting: RHB Barney Lawson 0-0: Ball
1-0: Foul Ball, location: 2F
1-1: Ball
2-1: Ball
3-1: Called Strike
3-2: Base on Balls
Alonso Holguín to second
Batting: RHB Guo-xiu Choi 0-0: Ball
1-0: Ball
2-0: Ball
3-0: Base on Balls
Alonso Holguín to third
Barney Lawson to second
Batting: RHB Fernando Bórquez 0-0: Called Strike
0-1: Ball
1-1: Ball
2-1: Fly out, F7 (Flyball, 7S)
Batting: LHB Chris Bates 0-0: Called Strike
0-1: Swinging Strike
0-2: Ball
1-2: Strikes out swinging
Bottom of the 3rd over - 0 runs, 0 hits, 0 errors, 3 left on base; San Jose 3 - Las Vegas 6
TOP OF THE 4TH
San Jose Missions batting - Pitching for Las Vegas Stars : LHP Carlos Castillo
Batting: RHB Jorge Díaz 0-0: Ball
1-0: Swinging Strike
1-1: Foul Ball, location: 2F
1-2: Fly out, F7 (Flyball, 78M)
Batting: RHB Dave Wookey 0-0: Ball
1-0: Fly out, F6 (Line Drive, 6)
Batting: LHB Alberto Gómez 0-0: Ball
1-0: Called Strike
1-1: Bunted foul
1-2: Ball
2-2: Ball
3-2: Base on Balls
Batting: RHB José Ramos 0-0: Ball
1-0: Ball
2-0: Foul Ball, location: 2F
2-1: Called Strike
2-2: Strikes out looking
Top of the 4th over - 0 runs, 0 hits, 0 errors, 1 left on base; San Jose 3 - Las Vegas 6
BOTTOM OF THE 4TH
Las Vegas Stars batting - Pitching for San Jose Missions : RHP Ralph Williams
Batting: RHB Francisco Rincón 0-0: Ball
1-0: Foul Ball, location: 2F
1-1: Ball
2-1: Ball
3-1: Fly out, F3 (Popup, 3S)
Batting: RHB José García 0-0: Called Strike
0-1: Foul Ball, location: 2F
0-2: Strikes out swinging
Batting: LHB Eduardo Gómez 0-0: Foul Ball, location: 2F
0-1: Fly out, F3 (Popup, 34S)
Bottom of the 4th over - 0 runs, 0 hits, 0 errors, 0 left on base; San Jose 3 - Las Vegas 6
TOP OF THE 5TH
San Jose Missions batting - Pitching for Las Vegas Stars : LHP Carlos Castillo
Batting: LHB Pedro Ramos 0-0: Ball
1-0: Foul Ball, location: 2F
1-1: Called Strike
1-2: Fly out, F6 (Flyball, 56D)
Batting: RHB Lorenzo Mota 0-0: Called Strike
0-1: Ball
1-1: Ball
2-1: Ball
3-1: Base on Balls
Batting: RHB Peter Bishop 0-0: Ball
1-0: Called Strike
1-1: Foul Ball, location: 2F
1-2: Foul Ball, location: 2F
1-2: Ball
2-2: Ball
3-2: Base on Balls
Lorenzo Mota to second
Pitching: RHP Don Barnes
Batting: RHB Dale Taylor 0-0: Called Strike
0-1: Foul Ball, location: 2F
0-2: Ball
1-2: Ball
2-2: Strikes out swinging
Batting: SHB Ángel González 0-0: Called Strike
0-1: Called Strike
0-2: Foul Ball, location: 2F
0-2: Ball
1-2: Ball
2-2: Ball
Wild Pitch!
Lorenzo Mota to third
Peter Bishop to second
3-2: Strikes out looking
Top of the 5th over - 0 runs, 0 hits, 0 errors, 2 left on base; San Jose 3 - Las Vegas 6
BOTTOM OF THE 5TH
Las Vegas Stars batting - Pitching for San Jose Missions : RHP Ralph Williams
Batting: RHB Juan Valverde 0-0: Called Strike
0-1: Fly out, F7 (Flyball, 78D)
Batting: RHB Alonso Holguín 0-0: Ball
1-0: Ball
2-0: Ball
3-0: Called Strike
3-1: Foul Ball, location: 2F
3-2: Base on Balls
Batting: RHB Barney Lawson Pickoff Throw to First - Out!
0-0: Ball
1-0: Foul Ball, location: 2F
1-1: Foul Ball, location: 2F
1-2: Ball
2-2: Ball
3-2: Base on Balls
Batting: RHB Guo-xiu Choi 0-0: Swinging Strike
0-1: Foul Ball, location: 2F
0-2: Strikes out swinging
Bottom of the 5th over - 0 runs, 0 hits, 0 errors, 1 left on base; San Jose 3 - Las Vegas 6
TOP OF THE 6TH
San Jose Missions batting - Pitching for Las Vegas Stars : RHP Don Barnes
Batting: RHB Jorge Díaz 0-0: Foul Ball, location: 2F
0-1: Called Strike
0-2: Ball
1-2: Ball
2-2: Ground out 5-3 (Groundball, 56)
Batting: RHB Dave Wookey 0-0: Ball
1-0: Ball
2-0: DOUBLE (Line Drive, 7LM)
Batting: LHB Alberto Gómez 0-0: Foul Ball, location: 2F
0-1: Ball
1-1: Ball
2-1: SINGLE (Groundball, 6D)
Dave Wookey to third
Batting: RHB José Ramos 0-0: Ball
1-0: Ball
2-0: Swinging Strike
2-1: Called Strike
2-2: Ball
Alberto Gómez is caught stealing 2nd base
3-2: Foul Ball, location: 2F
3-2: Base on Balls
Batting: LHB Pedro Ramos 0-0: Ball
1-0: Foul Ball, location: 2F
1-1: Foul Ball, location: 2F
1-2: Ball
Wild Pitch!
Dave Wookey scores
José Ramos to second
2-2: Fly out, F8 (Flyball, 8LM)
Top of the 6th over - 1 run, 2 hits, 0 errors, 1 left on base; San Jose 4 - Las Vegas 6
BOTTOM OF THE 6TH
Las Vegas Stars batting - Pitching for San Jose Missions : RHP Ralph Williams
Pitching: RHP David Bates
Batting: RHB Fernando Bórquez 0-0: Ball
1-0: Ground out 5-3 (Groundball, 56)
Batting: LHB Chris Bates 0-0: Called Strike
0-1: TRIPLE (Line Drive, 8LXD)
Pinch Runner at 3rd Sammy Marshall:
Batting: RHB Francisco Rincón 0-0: Called Strike
0-1: Ball
1-1: Swinging Strike
1-2: SINGLE (Groundball, 5S) (infield hit)
Sammy Marshall scores
Batting: RHB José García 0-0: Called Strike
0-1: Ball
1-1: Grounds into double play, 4-6-3 (Groundball, 4)
Bottom of the 6th over - 1 run, 2 hits, 0 errors, 0 left on base; San Jose 4 - Las Vegas 7
TOP OF THE 7TH
San Jose Missions batting - Pitching for Las Vegas Stars : RHP Don Barnes
Now in LF: Sammy Marshall
Batting: RHB Lorenzo Mota 0-0: SINGLE (Groundball, 6MD)
Batting: RHB Peter Bishop 0-0: Ball
1-0: Called Strike
1-1: DOUBLE (Line Drive, 78D)
Lorenzo Mota to third
Runner from 3rd tries for Home, SAFE, no throw
Pitching: RHP Adrián Serrano
Batting: RHB Dale Taylor 0-0: Ball
Peter Bishop steals 3rd base
1-0: Ball
2-0: Called Strike
2-1: Swinging Strike
2-2: Ball
3-2: Strikes out looking
Batting: SHB Ángel González 0-0: Ground out 4-3 (Groundball, 4)
Batting: RHB Jorge Díaz 0-0: Ground out 6-3 (Groundball, 56)
Top of the 7th over - 1 run, 2 hits, 0 errors, 1 left on base; San Jose 5 - Las Vegas 7
BOTTOM OF THE 7TH
Las Vegas Stars batting - Pitching for San Jose Missions : RHP David Bates
Batting: LHB Eduardo Gómez 0-0: Called Strike
0-1: Ball
1-1: Ball
2-1: Foul Ball, location: 2F
2-2: Ball
3-2: Base on Balls
Batting: RHB Juan Valverde 0-0: Called Strike
0-1: Ball
1-1: Swinging Strike
1-2: Foul Ball, location: 2F
1-2: Fly out, F3 (Popup, 13)
Batting: RHB Alonso Holguín 0-0: Called Strike
0-1: Ball
1-1: Ball
2-1: Ground out 1-3 (Groundball, 13)
Eduardo Gómez to second
Batting: RHB Barney Lawson 0-0: Ball
1-0: Ball
2-0: Ball
3-0: Base on Balls
Batting: RHB Guo-xiu Choi 0-0: Called Strike
0-1: Ball
1-1: Swinging Strike
1-2: SINGLE (Groundball, 4MD)
Eduardo Gómez to third
Barney Lawson to second
Runner from 3rd tries for Home, throw and OUT!
Bottom of the 7th over - 0 runs, 1 hit, 0 errors, 2 left on base; San Jose 5 - Las Vegas 7
TOP OF THE 8TH
San Jose Missions batting - Pitching for Las Vegas Stars : RHP Adrián Serrano
Batting: RHB Dave Wookey 0-0: Ball
1-0: Called Strike
1-1: Called Strike
1-2: Strikes out swinging
Pitching: LHP Justin Short
Batting: LHB Alberto Gómez 0-0: Called Strike
0-1: Ball
1-1: Swinging Strike
1-2: Strikes out looking
Pitching: LHP Gian-Andrea Nota
Batting: RHB José Ramos 0-0: Called Strike
0-1: Ball
1-1: Foul Ball, location: 2F
1-2: Strikes out swinging
Top of the 8th over - 0 runs, 0 hits, 0 errors, 0 left on base; San Jose 5 - Las Vegas 7
BOTTOM OF THE 8TH
Las Vegas Stars batting - Pitching for San Jose Missions : RHP David Bates
Batting: RHB Fernando Bórquez 0-0: Swinging Strike
0-1: Swinging Strike
0-2: Ball
1-2: Ball
2-2: Ball
3-2: Foul Ball, location: 2F
3-2: Foul Ball, location: 2F
3-2: Foul Ball, location: 2F
3-2: Base on Balls
Batting: LHB Sammy Marshall 0-0: Called Strike
Fernando Bórquez is caught stealing 2nd base
0-1: Ball
1-1: Foul Ball, location: 2F
1-2: SINGLE (Line Drive, 6M)
Batting: RHB Francisco Rincón 0-0: Called Strike
0-1: Ball
Sammy Marshall steals 2nd base
1-1: Swinging Strike
1-2: Ball
2-2: Foul Ball, location: 2F
2-2: Ball
3-2: Foul Ball, location: 2F
3-2: Foul Ball, location: 2F
3-2: SINGLE (Groundball, 4) (infield hit)
Sammy Marshall to third
Pitching: RHP José Reyes
Pinch Hitting: LHB Morgan Wright 0-0: Ball
1-0: SINGLE (Groundball, 4MD)
Sammy Marshall scores
Francisco Rincón to second
Batting: LHB Eduardo Gómez 0-0: Foul Ball, location: 2F
0-1: Ball
1-1: Foul Ball, location: 2F
1-2: Ball
2-2: Ball
3-2: Foul Ball, location: 2F
3-2: Base on Balls
Francisco Rincón to third
Morgan Wright to second
Batting: RHB Juan Valverde 0-0: Ball
Wild Pitch!
Francisco Rincón scores
Morgan Wright to third
Eduardo Gómez to second
1-0: Swinging Strike
1-1: Swinging Strike
1-2: Strikes out looking
Batting: RHB Alonso Holguín 0-0: Fly out, F8 (Line Drive, 8LD)
Bottom of the 8th over - 2 runs, 3 hits, 0 errors, 2 left on base; San Jose 5 - Las Vegas 9
TOP OF THE 9TH
San Jose Missions batting - Pitching for Las Vegas Stars : LHP Gian-Andrea Nota
Now in CF: Ricardo Guzmán
Batting: LHB Pedro Ramos 0-0: Ball
1-0: Called Strike
1-1: Swinging Strike
1-2: Ball
2-2: Fly out, F9 (Flyball, 89D)
Batting: RHB Lorenzo Mota 0-0: Ball
1-0: Ball
2-0: Ball
3-0: Called Strike
3-1: Base on Balls
Batting: RHB Peter Bishop 0-0: Foul Ball, location: 2F
0-1: Swinging Strike
0-2: Ball
1-2: Ball
2-2: Strikes out swinging
Batting: RHB Dale Taylor 0-0: Called Strike
0-1: Fielders Choice at 2nd, 5-4 (Groundball, 56)
Top of the 9th over - 0 runs, 0 hits, 0 errors, 1 left on base; San Jose 5 - Las Vegas 9
Saturday, December 16th, 2017 - OOTP Baseball 18.8 Build 76